 Dungeon Crawl Stone Soup version 0.30.0 (webtiles) character file.

Game seed: 2996192583490311455

150 Jase the Chopper (level 5, 0/40 (47) HPs)
             Began as a Hill Orc Fighter on May 6, 2023.
             Slain by a hell rat (9 damage)
             ... in a sewer.
             The game lasted 00:05:11 (1608 turns).

Jase the Chopper (Hill Orc Fighter)                 Turns: 1608, Time: 00:05:11

HP:   0/40 (47)     AC:  7    Str: 21    XL:     5   Next: 32%
MP:   5/5           EV:  9    Int:  8    God:
Gold: 133           SH:  0    Dex: 10    Spells: 4/4 levels left

rFire   . . .        a - +0 war axe
rCold   . . .        (no shield)
rNeg    . . .        b - +0 scale mail
rPois   .            (no helmet)
rElec   .            (no cloak)
rCorr   +            (no gloves)
SInv    +            (no boots)
Will    .....        (no amulet) Stlth
                     m - ring of see invisible
HPRegen 0.26/turn    h - ring of resist corrosion
MPRegen 0.09/turn

%: no passive effects
@: heavily drained
A: no striking features
a: no special abilities


You were in a sewer.
You visited 1 branch of the dungeon, and saw 3 of its levels.
You also visited: Sewer.

You collected 133 gold pieces.

Inventory:

Hand Weapons
 a - a +0 war axe (weapon)
Armour
 b - a +0 scale mail (worn)
Jewellery
 h - a ring of resist corrosion (right hand)
 m - a ring of see invisible (left hand)
Wands
 l - a wand of polymorph (9)
Scrolls
 e - a scroll of identify {unknown}
 g - 2 scrolls of enchant armour {unknown}
 j - a scroll of vulnerability {unknown}
 k - 2 scrolls of silence {unknown}
Potions
 c - a potion of mutation {unknown}
 d - 2 potions of might
 f - 2 potions of heal wounds {unknown}
 i - a potion of haste {unknown}


   Skills:
 + Level 4.7 Fighting
 * Level 5.3 Axes
 + Level 4.2 Armour
 - Level 3.2 Shields


You had 4 spell levels left.
You didn't know any spells.
Your spell library contained the following spells:

 Spells                   Type           Power      Damage    Failure   Level
 Slow                     Hex            0%         N/A       75%         1
 Confusing Touch          Hex            0%         N/A       98%         3
 Vampiric Draining        Necr           0%         2d6       98%         3
 Animate Dead             Necr           0%         N/A       100%        4
 Borgnjor's Vile Clutch   Necr/Erth      0%         N/A       100%        5
 Death Channel            Necr           0%         N/A       100%        6


Dungeon Overview and Level Annotations

Branches:
Dungeon (3/15)              Sewer (1/1)

Altars:

Shops:
D:2 (

Annotations:
D:3 exclusions: adder, jackal and 10 more exclusions


Message History

The river rat bites you but does no damage.
You barely miss the river rat.
The river rat is almost dead.
The river rat bites you but does no damage.
You hit the river rat.
You kill the river rat!
No target in view!
You start resting.
HP restored.
You enter the shallow water.
Moving in this stuff is going to be slow.
You enter the shallow water.
Moving in this stuff is going to be slow.
You enter the shallow water.
Moving in this stuff is going to be slow.
You enter the shallow water.
Moving in this stuff is going to be slow.
You open the door.
A hell rat comes into view.
The hell rat roars deafeningly!
Found six items.
Found a gate leading back out of this place.
You barely miss the hell rat.
The hell rat splashes around in the water.
The hell rat bites you!
You feel drained.
You hit the hell rat but do no damage.
The hell rat splashes around in the water.
You slash the hell rat!
The hell rat is severely wounded.
The hell rat bites you.
You feel drained. The hell rat bites you!
You feel drained.
You barely miss the hell rat.
The hell rat is severely wounded.
The hell rat splashes around in the water.
You hit the hell rat.
The hell rat is almost dead.
The hell rat bites you.
* * * LOW HITPOINT WARNING * * *
You feel drained. The hell rat bites you!
You die...

#########
###~..@~~.###
###~...~r†..~.###
#~..~.##'##~~.~.#
##..~###~~.###†~.##
#..~## ~~~~~ ##.~~#
#.~.# ~~~~~~~ #~~~#
#~~~##~!?!![~##..~#
##.~~###?∩!###~~~##
#....~#####..~..#


You could see a hell rat.

Vanquished Creatures
  2 adders (D:3)
  5 river rats (Sewer)
  4 dart slugs
  3 orcs (D:3)
  9 ball pythons
  3 endoplasms (D:1)
  3 giant cockroaches
  5 goblins
  4 hobgoblins
  6 jackals
  7 bats
  9 frilled lizards
  10 kobolds
  9 rats
79 creatures vanquished.

Notes
Turn   | Place    | Note
-------+----------+-------------------------------------------
     0 | D:1      | Jase the Hill Orc Fighter began the quest for the Orb.
     0 | D:1      | Reached XP level 1. HP: 19/19 MP: 1/1
    67 | D:1      | Reached skill level 3 in Axes
    77 | D:1      | Reached XP level 2. HP: 23/27 MP: 2/2
   230 | D:1      | Reached XP level 3. HP: 32/33 MP: 3/3
   432 | D:1      | Reached skill level 4 in Axes
   800 | D:2      | Found Bon Ruixt's Weapon Boutique.
  1091 | D:3      | Reached XP level 4. HP: 33/40 MP: 4/4
  1372 | D:3      | Found a glowing drain.
  1389 | Sewer    | Entered a sewer
  1397 | Sewer    | Reached skill level 5 in Axes
  1403 | Sewer    | Reached XP level 5. HP: 28/47 MP: 5/5
  1608 | Sewer    | Slain by a hell rat

Illustrated notes

Levels and vault maps discovered:
D:1:      minmay_arrival_semitransparent, layout_loops_ring
D:2:      layout_rooms, serial_shops, shop, minmay_door_square,
          solitary_fountain, minmay_lizard_pond
D:3:      layout_basic, cheibrodos_sewer_entry_sluice
Sewer:    sewer_hellmonk_bad_rat

Skill      XL: |  1  2  3  4 |
---------------+-------------+-----
Axes           | 3 4 5 |  5.3
Fighting       | 4 |  4.7
Armour         | 4 |  4.2
Shields        | |  3.2

Action                     |  1- 3 |  4- 6 || total
---------------------------+-------+-------++-------
  Melee: War axe           |    96 |    75 ||   171
         Punch             |     1 |       ||     1
 Armour: Scale mail        |    59 |    35 ||    94
  Dodge: Dodged            |    50 |    37 ||    87
